 Dungeon Crawl Stone Soup version 0.18-a0-5-gf1fb587 (webtiles) character file.

402 4thArraOfDagon the Chopper (level 6, -3/49 HPs)
             Began as a Vine Stalker Berserker on Oct 31, 2015.
             Was a Follower of Trog.
             Slain by a wight
             ... wielding a +0 spear
              (5 damage)
             ... on level 6 of the Dungeon.
             The game lasted 00:02:28 (521 turns).

4thArraOfDagon the Chopper (Vine Stalker Berserker)  Turns: 521, Time: 00:02:28

Health: -3/49      AC:  6    Str: 27    XL:     6   Next: 85%
Magic:  0/7        EV:  5    Int:  7    God:    Trog [*.....]
Gold:   45         SH:  0    Dex: 13    Spells: 0 memorised, 5 levels left

rFire  . . .     SeeInvis .     a - +0 hand axe
rCold  . . .     Clarity  .     e - +0 ring mail
rNeg   . . .     SustAt   .     (no shield)
rPois  .         Gourm    .     k - +0 helmet
rElec  .         Spirit   +     (no cloak)
rCorr  .         Warding  .     (no gloves)
rMut   .         Stasis   .     (no boots)
MR     .....                    (no amulet)
Stlth  ..........               (no ring)
                                (no ring)

@: berserking (expiring), heavily drained, very quick, not resistant to hostile
enchantments, extremely unstealthy
A: fangs 2, regeneration 2, magic shield, antimagic bite, no device heal 3, rot
immunity
a: Berserk, Burn Spellbooks, Renounce Religion


You were on level 6 of the Dungeon.
You worshipped Trog.
Trog was aware of your devotion.
You were not hungry.

You visited 1 branch of the dungeon, and saw 6 of its levels.

You collected 45 gold pieces.

Inventory:

Hand Weapons
 a - a +0 hand axe (weapon)
Armour
 e - a +0 ring mail (worn)
 k - a +0 helmet (worn)
Scrolls
 d - a scroll of amnesia {unknown}
 f - a scroll of remove curse {unknown}
 g - a scroll of random uselessness {unknown}
 i - 2 scrolls of teleportation {unknown}
 j - a scroll of magic mapping {unknown}
Potions
 h - 2 potions of curing {unknown}
 m - a potion of mutation {unknown}
Comestibles
 b - 2 meat rations
 c - 3 bread rations
 l - 5 chunks of flesh


   Skills:
 + Level 4.0(2.0) Fighting
 * Level 5.1(3.0) Axes
 + Level 3.1(1.1) Armour
 - Level 1.5(0.0) Dodging


You had 5 spell levels left.
You didn't know any spells.

Dungeon Overview and Level Annotations

Branches:
Dungeon (6/15)
 Temple: D:4-7

Altars:
Nemelex Xobeh

Annotations:
D:6 PeterLawrence's ghost, novice GrFi


Innate Abilities, Weirdness & Mutations

You have extremely sharp teeth.
You heal very quickly.
When hurt, damage is shared between your health and your magic reserves.
Your bite disrupts and absorbs the magic of your enemies.
Potions and wands cannot restore your health.
You are immune to rotting.


Message History

PeterLawrence's ghost hits you.
You feel drained. The wight closely misses you.
Unknown command.
Unknown command.
You barely miss PeterLawrence's ghost.
You bite PeterLawrence's ghost, but do no damage.
PeterLawrence's ghost is severely damaged.
PeterLawrence's ghost hits you.
* * * LOW HITPOINT WARNING * * *
You feel drained.
* * * LOW HITPOINT WARNING * * *
The wight hits you from afar with a spear.
* * * LOW HITPOINT WARNING * * *
Unknown command.
Unknown command.
There is an escape hatch in the ceiling here.
Unknown command.
Unknown command.
You feel a strong urge to attack something.
The wight hits you from afar with a spear.
You die...

#. #.## ..###.<
####.
#..##......#
.....##......r.##
.....#.#.<.....#
#.....####....
###..#...# #
#...####..S#
##5>## ##....
#.#.####@..# ...
#......W†.## ..
.....####z# # ##.
#.# #.# #.# #.#
...


You could see a wight, PeterLawrence's ghost and a crimson imp.

Vanquished Creatures
  Prince Ribbit (D:5)
  2 ogres (D:4)
  A jelly (D:5)
  2 adders
  A quokka (D:6)
  A goblin (D:3)
  4 jackals (D:5)
  A kobold (D:3)
  A quokka skeleton (D:6)
14 creatures vanquished.

Notes
Turn   | Place    | Note
--------------------------------------------------------------
     0 | D:1      | 4thArraOfDagon the Vine Stalker Berserker began the quest for the Orb.
     0 | D:1      | Reached XP level 1. HP: 11/11 MP: 2/2
    67 | D:1      | Found a sparkling altar of Nemelex Xobeh.
   240 | D:3      | Reached skill level 3 in Axes
   240 | D:3      | Reached XP level 2. HP: 16/16 MP: 3/3
   285 | D:4      | Noticed an ogre
   291 | D:4      | Killed an ogre
   291 | D:4      | Reached XP level 3. HP: 10/20 MP: 4/4
   291 | D:4      | Reached XP level 4. HP: 12/24 MP: 5/5
   320 | D:4      | Noticed an ogre
   340 | D:4      | Killed an ogre
   340 | D:4      | Reached skill level 4 in Axes
   340 | D:4      | Reached XP level 5. HP: 28/28 MP: 6/6
   383 | D:5      | Entered Level 5 of the Dungeon
   454 | D:5      | Noticed Prince Ribbit
   461 | D:5      | Killed Prince Ribbit
   461 | D:5      | Reached skill level 5 in Axes
   461 | D:5      | Gained mutation: You heal very quickly. [Vine Stalker growth]
   461 | D:5      | Reached XP level 6. HP: 33/33 MP: 7/7
   508 | D:6      | Noticed PeterLawrence's ghost (novice GrFi)
   519 | D:6      | HP: 2/49 [PeterLawrence's ghost (1)]
   521 | D:6      | Slain by a wight

Vault maps used:
D:1:      lightli_molten_gateway, nemelex_diamond_rough_becter
D:2:      forest_paths
D:3:      wad_crossroads, first_bread
D:4:      uniq_eustachio, uniq_edmund
D:5:      uniq_pikel, uniq_prince_ribbit1, uniq_duvessa
D:6:      temple_doors_e, grunt_qazlal_sundering

Action                   |  1- 3 |  4- 6 || total
-------------------------+-------+-------++-------
Melee: Hand axe          |    16 |    29 ||    45
Invok: Berserk           |     1 |     3 ||     4
  Eat: Chunk             |       |     2 ||     2
